 Dungeon Crawl Stone Soup version 0.31-a0-210-gccc998df9b (webtiles) character file.

Game seed: 14501981934027992406

3204 coffeetime the Grappler (level 9, -2/84 HPs)
             Began as a Troll Earth Elementalist on June 29, 2023.
             Was a Follower of Ru.
             Slain by Joseph
             ... wielding a +2 quarterstaff of speed
              (16 damage)
             ... on level 7 of the Dungeon.
             The game lasted 00:17:56 (4906 turns).

coffeetime the Grappler (Troll Earth Elementalist)  Turns: 4906, Time: 00:17:57

Health: -2/84      AC:  6    Str: 22    XL:     9   Next: 65%
Magic:  9/9        EV: 10    Int: 11    God:    Ru [*.....]
Gold:   376        SH:  0    Dex: 13    Spells: 7/10 levels left

rFire   + .          .
                       - Unarmed
rCold   . . .        (no shield)
rNeg    . . .        a - +0 troll leather armour
rPois   .            (helmet restricted)
rElec   .            (no cloak)
rCorr   .            (gloves unavailable)
SInv    +            (boots unavailable)
Will    .....        (no amulet)
Stlth   +            n - ring of see invisible
HPRegen 1.94/turn    p - ring "Etoxonog" {rF+ Dex+3}
MPRegen 0.11/turn

%: no passive effects
@: no status effects
A: large, unfitting armour, claws 3, regeneration 1, shaggy fur 1, tough skin 1,
inability to train armour
a: Renounce Religion


You were on level 7 of the Dungeon.
You worshipped Ru.
Ru was aware of your devotion.
You visited 1 branch of the dungeon, and saw 7 of its levels.

You collected 400 gold pieces.
You spent 24 gold pieces at shops.

Inventory:

Missiles
 c - 42 stones (quivered)
 e - 3 poisoned darts
 h - 3 boomerangs
 m - 12 curare-tipped darts
 t - 4 large rocks
 v - a throwing net
Armour
 a - a +0 troll leather armour (worn)
 y - a +1 robe of willpower
Jewellery
 n - a ring of see invisible (left claw)
 p - the ring "Etoxonog" (right claw) {rF+ Dex+3}
   (You found it on level 4 of the Dungeon)

   [ring of protection from fire]

   Dex:       It affects your dexterity (+3).
   rF:        It protects you from fire.
Wands
 w - a wand of flame (10)
 z - a wand of paralysis (5)
Scrolls
 d - a scroll of amnesia
 f - a scroll of poison
 g - a scroll of fear
 o - a scroll of brand weapon
 q - a scroll of enchant weapon {unknown}
 s - 4 scrolls of teleportation {unknown}
Potions
 b - 2 potions of magic
 i - 3 potions of curing
 j - 3 potions of heal wounds
 k - a potion of berserk rage {unknown}
 l - a potion of ambrosia {unknown}
 r - a potion of might {unknown}
 u - a potion of invisibility {unknown}
 x - a potion of lignification {unknown}


   Skills:
 * Level 3.8 Fighting
 * Level 3.9 Throwing
 - Level 2.0 Dodging
 - Level 1.0 Stealth
 * Level 11.5 Unarmed Combat
 - Level 1.2 Spellcasting
 - Level 0.6 Transmutations
 + Level 3.2 Earth Magic


You had 7 spell levels left.
You knew the following spells:

 Your Spells              Type           Power      Damage    Failure   Level
a - Sandblast             Erth           14%        2d6       10%         1
b - Passwall              Tmut/Erth      3%         N/A       24%         2

Your spell library contained the following spells:

 Spells                   Type           Power      Damage    Failure   Level
 Stone Arrow              Conj/Erth      8%         3d7       50%         3
 Ozocubu's Armour         Ice            0%         N/A       73%         3
 Petrify                  Tmut/Erth      4%         N/A       85%         4
 Ozocubu's Refrigeration  Ice            0%         4d7       100%        7
 Storm Form               Tmut/Air       0%         N/A       100%        7
 Maxwell's Capacitive Co  Air            0%         ∞         100%        8


Dungeon Overview and Level Annotations

Branches:
Dungeon (7/15)
 Temple: D:4-7

Altars:
Ashenzari
Hepliaklqana
Nemelex Xobeh
Ru
Uskayaw
Zin

Shops:
D:2 ?

Annotations:
D:5 1 runed translucent door, lunkers's ghost, amateur MeWn
D:7 Joseph


Innate Abilities, Weirdness & Mutations

You are too large for most types of armour.
You have claws for hands.
Your natural rate of healing is unusually fast.
You are covered in fur. (AC +1)
You have tough skin. (AC +1)
You cannot train Armour skill.


Message History

The killer bee is almost dead.
The killer bee stings you.
You are poisoned.
The killer bee poisons you!
You claw the killer bee!
You kill the killer bee!
You feel sick.
You scratch the scorpion. You claw the scorpion!
The scorpion is almost dead.
You feel sick. The scorpion closely misses you.
You barely miss the scorpion.
The scorpion is almost dead.
You feel sick. The scorpion closely misses you.
You scratch the scorpion.
You kill the scorpion!
Joseph shoots a sling bullet.
The sling bullet hits you!!
You feel sick.
Joseph unwields a +0 sling.
Joseph wields a +2 quarterstaff of speed.
Joseph hits you with a +2 quarterstaff of speed.
Things that are here:
a scorpion corpse; a killer bee corpse You claw Joseph!
Your claw misses Joseph.
Joseph is lightly wounded.
You feel sick.
Joseph hits you with a +2 quarterstaff of speed! x2
You mangle Joseph!!
Joseph is heavily wounded.
You feel sick.
Joseph hits you with a +2 quarterstaff of speed!
* * * LOW HITPOINT WARNING * * *
You claw Joseph!
Joseph is severely wounded.
You feel sick.
You are no longer poisoned.
Joseph hits you with a +2 quarterstaff of speed.
* * * LOW HITPOINT WARNING * * *
You claw Joseph!
Joseph is severely wounded.
Joseph hits you with a +2 quarterstaff of speed!
You die...

#.....# ##.###.###### ...#
#......# .≈≈≈≈≈ .#.###.####.# ###
.c.._ .#.....# #.# #.. .≈≈≈
.###.### #.# #.# ≈≈≈ .#
#.######.### #.# .@ .#
#..........########.## .# .
.###............@@......##.##....
.......####.#.######.............
..###..# #.#....................
..###..####.#....................
............#.######.##.......#>#
..###..###..#.#####...#......## #
..............)..........#####
#.####.######.#####...#..#
#.###...#####.######.##...


You could see Joseph.

Vanquished Creatures
  Maggie (D:7)
  A troll (D:7)
  4 yaks (D:7)
  A wyvern (D:5)
  A black bear (D:6)
  An ogre (D:6)
  2 ice beasts
  2 centaurs (D:5)
  A kobold brigand (D:7)
  2 scorpions
  8 killer bees (D:7)
  A howler monkey (D:6)
  5 hounds
  5 jellies
  4 orc priests
  An iguana (D:5)
  A sleepcap (D:6)
  10 orc wizards
  8 adders
  2 white imps
  2 ufetubi (D:6)
  A dart slug (D:5)
  22 orcs
  12 ball pythons
  8 endoplasms
  7 giant cockroaches
  8 goblins
  8 hobgoblins
  6 jackals
  4 quokkas
  3 bats
  A frilled lizard (D:1)
  7 kobolds
  9 rats
159 creatures vanquished.

Notes
Turn   | Place    | Note
-------+----------+-------------------------------------------
     0 | D:1      | coffeetime the Troll Earth Elementalist began the quest for
                  | the Orb.
     0 | D:1      | Reached XP level 1. HP: 16/16 MP: 1/1
    42 | D:1      | Reached XP level 2. HP: 26/26 MP: 2/2
   221 | D:1      | Reached skill level 1 in Unarmed Combat
   400 | D:1      | You fall into a shaft and drop 1 floor!
   424 | D:2      | Reached XP level 3. HP: 27/32 MP: 3/3
   676 | D:2      | Reached skill level 1 in Fighting
   722 | D:2      | Reached skill level 2 in Unarmed Combat
   835 | D:2      | Found Miad's Magic Scroll Shoppe.
   840 | D:2      | Bought a scroll of identify for 24 gold pieces
  1061 | D:2      | Reached XP level 4. HP: 41/41 MP: 4/4
  2010 | D:3      | Reached skill level 3 in Unarmed Combat
  2034 | D:3      | Found a faded altar of an unknown god.
  2186 | D:4      | Reached skill level 1 in Throwing
  2186 | D:4      | Reached XP level 5. HP: 45/48 MP: 5/5
  2266 | D:4      | Reached skill level 4 in Unarmed Combat
  2273 | D:4      | Identified the ring "Etoxonog" {rF+ Dex+3}
  2300 | D:4      | Reached XP level 6. HP: 55/55 MP: 6/6
  2662 | D:4      | Found a broken altar of Ashenzari.
  2762 | D:5      | Entered Level 5 of the Dungeon
  2784 | D:5      | Reached skill level 5 in Unarmed Combat
  2799 | D:5      | Noticed a wyvern
  2816 | D:5      | Killed a wyvern
  2817 | D:5      | Reached XP level 7. HP: 37/63 MP: 7/7
  2828 | D:5      | Learned a level 2 spell: Passwall
  2878 | D:5      | Found a sacrificial altar of Ru.
  2888 | D:5      | Reached skill level 6 in Unarmed Combat
  2902 | D:5      | Became a worshipper of Ru the Awakened
  3071 | D:5      | Found a runed translucent door.
  3077 | D:5      | Noticed lunkers's ghost (amateur MeWn)
  3167 | D:5      | Reached skill level 7 in Unarmed Combat
  3347 | D:5      | Reached XP level 8. HP: 73/74 MP: 8/8
  3477 | D:5      | Found a glowing silver altar of Zin.
  3477 | D:5      | Noticed an angel
  3599 | D:6      | Found a hazy altar of Hepliaklqana.
  3611 | D:6      | Reached skill level 8 in Unarmed Combat
  3778 | D:6      | Found a hide-covered altar of Uskayaw.
  4117 | D:6      | Reached skill level 9 in Unarmed Combat
  4117 | D:6      | Gained mutation: You cannot train Armour skill. [Ru
                  | sacrifice]
  4117 | D:6      | Reached * piety under Ru
  4498 | D:7      | Reached XP level 9. HP: 72/83 MP: 9/9
  4501 | D:7      | Reached skill level 10 in Unarmed Combat
  4519 | D:7      | HP: 2/83 [yak (16)]
  4661 | D:7      | Noticed Maggie
  4673 | D:7      | Killed Maggie
  4674 | D:7      | Reached skill level 11 in Unarmed Combat
  4736 | D:7      | Noticed a troll
  4757 | D:7      | Killed a troll
  4883 | D:7      | Found a sparkling altar of Nemelex Xobeh.
  4883 | D:7      | Noticed Joseph
  4906 | D:7      | Slain by Joseph

Illustrated notes

Levels and vault maps discovered:
D:1:      lightli_arrival_lavapool, layout_rooms
D:2:      layout_basic, serial_shops, nicolae_shop_tiny_real_fake_doors,
          minmay_misc_feat_iff
D:3:      layout_loops_ring, shapermc_ecumenical_altar_mp_vishouse
D:4:      minmay_evil_eye, layout_cave_pools, kennysheep_mini
D:5:      layout_rooms, nicolae_ru_great_annihilating_truth, zin_angel,
          gammafunk_ghost_grave
D:6:      layout_loops_cross, mainiacjoe_overflow_cross_hatched,
          lemuel_round_altar
D:7:      layout_loops_ring, kennysheep_okawaru_gauntlet,
          mainiacjoe_overflow_catwalk, minmay_temple_entry_antechambers,
          uniq_joseph, uniq_maggie, uniq_crazy_yiuf_cottage

Skill      XL: |  1  2  3  4  5  6  7  8  9 |
---------------+----------------------------+-----
Earth Magic    | 3 |  3.2
Unarmed Combat | 1 2 3 4 5 7 9 11 | 11.5
Dodging        | 2 |  2.0
Fighting       | 1 2 3 |  3.8
Throwing       | 1 2 3 |  3.9
Stealth        | |  1.0
Spellcasting   | |  1.2
Transmutations | |  0.6

Action                     |  1- 3 |  4- 6 |  7- 9 || total
---------------------------+-------+-------+-------++-------
  Melee: Unarmed           |   113 |   118 |   242 ||   473
         Punch             |     1 |     4 |    10 ||    15
  Throw: Stone             |       |     3 |     3 ||     6
 Invoke: Sacrifice Durabil |       |       |     1 ||     1
    Use: Scroll            |     2 |     1 |     3 ||     6
   Stab: Sleeping          |     1 |     3 |       ||     4
         Paralysed         |       |       |     1 ||     1
 Armour: Robe              |    41 |    28 |    43 ||   112
         Troll leather arm |       |       |     3 ||     3
  Dodge: Dodged            |    71 |    48 |   100 ||   219

Table legend: (Time is in decaauts)
 A = Elapsed time spent in this place.
 B = Non-inter-level travel time spent in this place.
 C = Inter-level travel time spent in this place.
 D = Time resting spent in this place.
 E = Time spent auto-exploring this place.
 F = Levels seen in this place.
 G = Mean time per level.
                   A        B        C        D        E       F      G
               +--------+--------+--------+--------+--------+-----+--------+
         Total |   4857 |   4606 |    251 |     98 |   3260 |   7 |  693.9 |
       Dungeon |   4857 |   4606 |    251 |     98 |   3260 |   7 |  693.9 |
               +--------+--------+--------+--------+--------+-----+--------+

Top non-repeatable levels by time:
     D:2: 868 daAuts
     D:5: 806 daAuts
     D:3: 747 daAuts
     D:6: 680 daAuts
     D:7: 616 daAuts
     D:4: 582 daAuts
     D:1: 554 daAuts
